 Dungeon Crawl Stone Soup version 0.28.0-45-g0d030f2227 (webtiles) character file.

Game seed: 1527703859216895591

898 Woods the Insei (level 8, 0/90 HPs)
             Began as a Gnoll Transmuter on Apr 23, 2022.
             Succumbed to a water moccasin's poison
             ... on level 5 of the Dungeon.
             The game lasted 00:07:42 (5468 turns).

Woods the Insei (Gnoll Transmuter)                  Turns: 5468, Time: 00:07:43

Health: 0/90       AC: 11    Str: 16    XL:     8   Next: 7%
Magic:  13/16      EV: 12    Int: 18    God:
Gold:   259        SH:  0    Dex: 13    Spells: 12/18 levels left

rFire   . . .      SeeInvis .     - Unarmed
rCold   . . .      Faith    .   (no shield)
rNeg    . . .      Spirit   .   i - +3 ring mail "Vebb" {Int+4}
rPois   .          Reflect  .   p - +1 helmet
rElec   .          Harm     .   (no cloak)
rCorr   .          Rampage  .   d - +0 pair of gloves
Will    .....                   (no boots)
Stlth   ..........              (no amulet)
HPRegen 0.25/turn               j - +6 ring of strength
MPRegen 0.15/turn               (no ring)

@: berserking, lethally poisoned (0 -> -25), very quick
A: fangs 1, strong nose, distributed training
a: no special abilities


You were on level 5 of the Dungeon.
You visited 1 branch of the dungeon, and saw 5 of its levels.

You collected 259 gold pieces.

Inventory:

Armour
 a - a +0 robe
 d - a +0 pair of gloves (worn)
 i - the +3 ring mail "Vebb" (worn) {Int+4}
   (You took it off a hobgoblin on level 1 of the Dungeon)

   Int:       It affects your intelligence (+4).
 p - a +1 helmet (worn)
Jewellery
 j - a +6 ring of strength (left hand)
Scrolls
 b - 3 scrolls of vulnerability {unknown}
 f - 3 scrolls of enchant armour {unknown}
 g - 3 scrolls of fear {unknown}
 h - 3 scrolls of identify {unknown}
 k - 2 scrolls of enchant weapon {unknown}
 l - a scroll of acquirement {unknown}
 m - a scroll of fog {unknown}
 n - a scroll of noise {unknown}
 o - 5 scrolls of teleportation {unknown}
 q - a scroll of magic mapping {unknown}
Potions
 c - a potion of curing {unknown}
 e - 3 potions of berserk rage
 r - 3 potions of flight {unknown}
 s - a potion of attraction {unknown}


   Skills:
 + Level 3.9 Fighting
 + Level 2.9 Short Blades
 + Level 2.9 Long Blades
 + Level 2.9 Axes
 + Level 2.9 Maces & Flails
 + Level 2.9 Polearms
 + Level 2.9 Staves
 + Level 2.9 Slings
 + Level 2.9 Bows
 + Level 2.9 Crossbows
 + Level 2.9 Throwing
 + Level 2.9 Armour
 + Level 5.4 Dodging
 + Level 2.9 Stealth
 + Level 2.9 Shields
 + Level 7.2 Unarmed Combat
 + Level 5.8 Spellcasting
 + Level 2.3 Conjurations
 + Level 2.3 Hexes
 + Level 2.3 Summonings
 + Level 2.3 Necromancy
 + Level 2.3 Translocations
 + Level 4.5 Transmutations
 + Level 2.3 Fire Magic
 + Level 2.3 Ice Magic
 + Level 2.3 Air Magic
 + Level 2.3 Earth Magic
 + Level 2.3 Poison Magic
 + Level 3.2 Invocations
 + Level 2.9 Evocations


You had 12 spell levels left.
You knew the following spells:

 Your Spells              Type           Power      Damage    Failure   Level
a - Beastly Appendage     Tmut           42%        N/A       3%          1
b - Wereblood             Tmut           21%        N/A       5%          2
c - Spider Form           Tmut/Pois      17%        N/A       16%         3

Your spell library contained the following spells:

 Spells                   Type           Power      Damage    Failure   Level
 Ice Form                 Ice/Tmut       17%        N/A       47%         4
 Animate Dead             Necr           6%         N/A       63%         4
 Borgnjor's Vile Clutch   Necr/Erth      6%         N/A       93%         5
 Death Channel            Necr           6%         N/A       100%        6


Dungeon Overview and Level Annotations

Branches:
Dungeon (5/15)
 Temple: D:4-7

Altars:
Qazlal
Ru

Annotations:
D:3 2 transporters


Innate Abilities, Weirdness & Mutations

You have very sharp teeth.
Your uncanny sense of smell can sniff out nearby items.
Your experience applies equally to all skills.


Message History

You completely miss the water moccasin.
You feel extremely sick. The water moccasin closely misses you.
You hit the water moccasin.
The water moccasin is lightly wounded.
You feel very sick. The water moccasin misses you.
The water moccasin completely misses you.
You bite the water moccasin!
The water moccasin is heavily wounded.
You feel very sick.
The water moccasin completely misses you.
You bite the water moccasin!
The water moccasin is poisoned.
The water moccasin is almost dead.
You feel very sick. The water moccasin bites you.
You are lethally poisoned!
The water moccasin poisons you!
You barely miss the water moccasin.
The water moccasin is almost dead.
You feel extremely sick.
The water moccasin completely misses you.
You closely miss the water moccasin.
The water moccasin is almost dead.
* * * LOW HITPOINT WARNING * * *
You feel extremely sick.
You kill the water moccasin!
You have reached level 8!
You feel stronger.
Unknown command.
Your transformation has ended.
Your +1 helmet unmelds from your body.
Your +0 pair of gloves unmelds from your body.
The +3 ring mail "Vebb" {Int+4} unmelds from your body.
* * * LOW HITPOINT WARNING * * *
You feel extremely sick.
It was a potion of berserk rage.
A red film seems to cover your vision as you go berserk!
You feel yourself moving faster!
You feel mighty!
You die...

.# .. ..# .# ..# #.##
########.##..#
#####..###............#
...(.........?.......#
..)....###...........##
.......##.............#
.<.......†..........#...
................@.......
........#########..###..
.......## ..# ......?#
..# ######## ... ...#
..$# ...#


There were no monsters in sight!

Vanquished Creatures
  A water moccasin (D:5)
  A black bear (D:3)
  2 ogres (D:4)
  2 hounds (D:4)
  A bullfrog skeleton (D:4)
  An orc priest (D:4)
  2 jellies (D:4)
  An iguana (D:4)
  An orc wizard (D:4)
  A hound skeleton (D:4)
  9 gnolls
  8 adders
  A shadow imp (D:4)
  3 adder skeletons (D:4)
  A worm (D:2)
  4 dart slugs
  7 orcs
  13 endoplasms
  8 giant cockroaches
  4 goblins
  12 hobgoblins
  A jackal (D:1)
  6 kobolds
  7 quokkas
  6 ball pythons
  5 bats
  2 frilled lizards
  11 rats
121 creatures vanquished.

Vanquished Creatures (others)
  20 plants (D:2)
20 creatures vanquished.

Grand Total: 141 creatures vanquished

Notes
Turn   | Place    | Note
-------+----------+-------------------------------------------
     0 | D:1      | Woods the Gnoll Transmuter began the quest for the Orb.
     0 | D:1      | Reached XP level 1. HP: 17/17 MP: 6/6
     2 | D:1      | Found a runed translucent door.
   188 | D:1      | Reached XP level 2. HP: 23/23 MP: 5/7
   388 | D:1      | Learned a level 2 spell: Wereblood
   730 | D:1      | Reached XP level 3. HP: 24/28 MP: 7/9
   732 | D:1      | Reached skill level 5 in Spellcasting
   974 | D:1      | Reached skill level 1 in Invocations
  1091 | D:2      | Reached skill level 1 in Short Blades
  1091 | D:2      | Reached skill level 1 in Long Blades
  1091 | D:2      | Reached skill level 1 in Axes
  1091 | D:2      | Reached skill level 1 in Maces & Flails
  1091 | D:2      | Reached skill level 1 in Polearms
  1091 | D:2      | Reached skill level 1 in Staves
  1091 | D:2      | Reached skill level 1 in Slings
  1091 | D:2      | Reached skill level 1 in Bows
  1091 | D:2      | Reached skill level 1 in Crossbows
  1091 | D:2      | Reached skill level 1 in Throwing
  1091 | D:2      | Reached skill level 1 in Armour
  1091 | D:2      | Reached skill level 1 in Stealth
  1091 | D:2      | Reached skill level 1 in Shields
  1091 | D:2      | Reached skill level 1 in Evocations
  1398 | D:2      | Found a stormy altar of Qazlal.
  1421 | D:2      | Reached XP level 4. HP: 16/34 MP: 11/11
  1650 | D:2      | Learned a level 3 spell: Spider Form
  1743 | D:1      | Reached skill level 1 in Conjurations
  1743 | D:1      | Reached skill level 1 in Hexes
  1743 | D:1      | Reached skill level 1 in Summonings
  1743 | D:1      | Reached skill level 1 in Necromancy
  1743 | D:1      | Reached skill level 1 in Translocations
  1743 | D:1      | Reached skill level 1 in Fire Magic
  1743 | D:1      | Reached skill level 1 in Ice Magic
  1743 | D:1      | Reached skill level 1 in Air Magic
  1743 | D:1      | Reached skill level 1 in Earth Magic
  1743 | D:1      | Reached skill level 1 in Poison Magic
  2343 | D:2      | Reached XP level 5. HP: 40/40 MP: 12/12
  2550 | D:2      | Identified the +3 ring mail "Vebb" {Int+4}
  3158 | D:3      | Found a transporter.
  3289 | D:3      | Noticed a black bear
  3298 | D:3      | Killed a black bear
  3299 | D:3      | Reached XP level 6. HP: 44/47 MP: 10/13
  3385 | D:3      | Found a transporter.
  3730 | D:4      | Reached skill level 5 in Dodging
  3994 | D:4      | Found a sacrificial altar of Ru.
  4272 | D:4      | Reached XP level 7. HP: 31/52 MP: 12/15
  4484 | D:4      | Reached skill level 7 in Unarmed Combat
  5261 | D:5      | Entered Level 5 of the Dungeon
  5467 | D:5      | Reached XP level 8. HP: 11/60 MP: 13/16
  5468 | D:5      | Succumbed to a water moccasin's poison

Illustrated notes

Levels and vault maps discovered:
D:1:      dpeg_arrival_caged_fury, layout_loops_ring
D:2:      wad_woods_stonehenge, layout_basic, kennysheep_generic_room_2
D:3:      gammafunk_steamed_eel, layout_rooms
D:4:      minmay_razor_zed, layout_basic, mainiacjoe_overflow_tiny_flanked,
          minmay_checkerbox
D:5:      layout_rooms, nicolae_concentric_dashed_squares_wild

Skill      XL: |  1  2  3  4  5  6  7 |
---------------+----------------------+-----
Spellcasting   | 5 |  5.8
Invocations    | 1 2 3 |  3.2
Short Blades   | 1 2 |  2.9
Long Blades    | 1 2 |  2.9
Axes           | 1 2 |  2.9
Maces & Flails | 1 2 |  2.9
Polearms       | 1 2 |  2.9
Staves         | 1 2 |  2.9
Slings         | 1 2 |  2.9
Bows           | 1 2 |  2.9
Crossbows      | 1 2 |  2.9
Throwing       | 1 2 |  2.9
Armour         | 1 2 |  2.9
Stealth        | 1 2 |  2.9
Shields        | 1 2 |  2.9
Evocations     | 1 2 |  2.9
Conjurations   | 1 2 |  2.3
Hexes          | 1 2 |  2.3
Summonings     | 1 2 |  2.3
Necromancy     | 1 2 |  2.3
Translocations | 1 2 |  2.3
Fire Magic     | 1 2 |  2.3
Ice Magic      | 1 2 |  2.3
Air Magic      | 1 2 |  2.3
Earth Magic    | 1 2 |  2.3
Poison Magic   | 1 2 |  2.3
Fighting       | 3 |  3.9
Transmutations | 4 |  4.5
Dodging        | 5 |  5.4
Unarmed Combat | 7 |  7.2

Action                   |  1- 3 |  4- 6 |  7- 9 || total
-------------------------+-------+-------+-------++-------
Melee: Unarmed           |    89 |   173 |    79 ||   341
       Kick              |    21 |    23 |       ||    44
       Headbutt          |    10 |    20 |       ||    30
       Bite              |     6 |    14 |     4 ||    24
       Punch             |     4 |     5 |     1 ||    10
 Cast: Beastly Appendage |    20 |    21 |       ||    41
       Wereblood         |     1 |     1 |       ||     2
       Spider Form       |       |     8 |     8 ||    16
 Abil: End Transformatio |       |       |     1 ||     1
  Use: Potion            |       |       |     1 ||     1
 Stab: Sleeping          |       |     1 |     1 ||     2
Armor: Robe              |     9 |     8 |       ||    17
       Skin              |       |     2 |       ||     2
       Ring mail         |       |    21 |    10 ||    31
Dodge: Dodged            |    45 |   112 |    84 ||   241
